 Dungeon Crawl Stone Soup version 0.30-a0-21-g5d08c37080 (webtiles) character file.

Game seed: 5319501858210799832

420 Araneus the Poker (level 6, -6/47 HPs)
             Began as a Demonspawn Fighter on Aug 24, 2022.
             Was an Initiate of Qazlal.
             Mangled by an orc
             ... wielding a +0 mace
              (7 damage)
             ... on level 4 of the Dungeon.
             The game lasted 00:08:31 (3816 turns).

Araneus the Poker (Demonspawn Fighter)              Turns: 3816, Time: 00:08:33

Health: -6/47      AC: 10    Str: 18    XL:     6   Next: 62%
Magic:  6/6        EV:  6    Int:  9    God:    Qazlal [......]
Gold:   23         SH:  5    Dex: 13    Spells: 5/5 levels left

rFire   . . .      SeeInvis .    q - +3 trident (vamp)
rCold   . . .      Faith    .    c - +1 buckler
rNeg    . . .      Spirit   .    k - +0 chain mail
rPois   .          Reflect  .    (no helmet)
rElec   .          Harm     .    (no cloak)
rCorr   .          Rampage  .    e - +0 pair of gloves
Will    .....                    (no boots)
Stlth   ..........               (no amulet)
HPRegen 0.15/turn                (no ring)
MPRegen 0.10/turn                (no ring)

@: no status effects
A: hooves 1
a: Renounce Religion


You were on level 4 of the Dungeon.
You worshipped Qazlal.
Qazlal was noncommittal.
You visited 1 branch of the dungeon, and saw 4 of its levels.
You also visited: Sewer.

You collected 172 gold pieces.
You spent 149 gold pieces at shops.

Inventory:

Hand Weapons
 q - a +3 vampiric trident (weapon)
Armour
 c - a +1 buckler (worn)
 e - a +0 pair of gloves (worn)
 k - a +0 chain mail (worn)
Scrolls
 g - a scroll of identify
 l - a scroll of noise
Potions
 a - a potion of brilliance {unknown}
 d - 2 potions of might
 f - 5 potions of flight
 h - 2 potions of curing
 i - 2 potions of magic {unknown}
 j - a potion of cancellation {unknown}
 m - 2 potions of haste


   Skills:
 - Level 3.0 Fighting
 + Level 6.5 Polearms
 - Level 2.6 Armour
 - Level 2.6 Shields


You had 5 spell levels left.
You didn't know any spells.
Your spell library was empty.

Dungeon Overview and Level Annotations

Branches:
Dungeon (4/15)              Sewer (visited)
 Temple: D:4-7

Altars:
Fedhas
Kikubaaqudgha
Qazlal

Shops:
D:1 =(((!


Innate Abilities, Weirdness & Mutations

You have large cloven feet.


Message History

The orc hits you with a +0 mace.
You hit the hobgoblin but do no damage.
The hobgoblin hits you but does no damage.
You block the orc's attack.
You puncture the hobgoblin!
You feel better.
You kill the hobgoblin!
Qazlal accepts your kill.
You hit the orc.
The orc is heavily wounded.
The orc hits you with a +0 mace. You block the orc's attack.
You barely miss the orc.
The orc is heavily wounded.
You block the orc's attack.
The orc priest looks braver for a moment.
You hit the orc.
You feel better.
The orc is severely wounded.
The orc priest calls down the wrath of Beogh upon you.
Beogh smites you! The orc hits you with a +0 mace.
You hit the orc priest.
The orc priest is moderately wounded.
The orc hits you with a +0 mace. The orc priest closely misses you.
The orc hits you but does no damage.
The orc priest hits you with a +0 dagger.
The orc priest begins to cast a cantrip, but forgets the words!
The orc barely misses you.
The orc hits you from afar with a +0 trident.
The orc hits you with a +0 mace.
You hit the orc but do no damage. You kick the orc, but do no damage.
The orc is severely wounded.
The orc priest mumbles some strange prayers to Beogh against you.
Pain shoots through your body!
* * * LOW HITPOINT WARNING * * *
The orc hits you but does no damage.
The orc priest mumbles some strange prayers to Beogh against you.
Pain shoots through your body!
* * * LOW HITPOINT WARNING * * *
The orc hits you with a +0 mace.
* * * LOW HITPOINT WARNING * * *
The orc hits you with a +0 mace!
You die...

*****,,,,,,,,, *....,,,,,,,,,
*#....,,**,***,
####.....,,**,* *,
######......#*****,* **
#...........# ***,****
#...........##**,,,,,*
#.....(.......,,,,,,,*
#....o@o......,,,,,,,*
#########....oo......,,,***,*
#§§§§§†......o.......,,,* *,*
#########........####**** *,*
#........#,,,,,* *,*
#........#,,,,,* *,*
#........$.,,,,* *,*
####........,,,* *,**
#.......##******,,,


You could see 2 orc priests and 3 orcs.

Vanquished Creatures
  Sigmund (D:2)
  An orc wizard (D:3)
  10 adders
  4 river rats (Sewer)
  4 worms
  4 orcs (D:3)
  7 ball pythons
  18 bats
  8 endoplasms
  3 giant cockroaches
  4 goblins
  13 hobgoblins
  6 jackals
  3 quokkas
  4 frilled lizards
  3 kobolds
  4 rats
97 creatures vanquished.

Notes
Turn   | Place    | Note
-------+----------+-------------------------------------------
     0 | D:1      | Araneus the Demonspawn Fighter began the quest for the Orb.
     0 | D:1      | Reached XP level 1. HP: 18/18 MP: 1/1
     9 | D:1      | Found Odghe's Jewellery Shoppe.
    46 | D:1      | Found Jofosket's Weapon Emporium.
   123 | D:1      | Reached skill level 2 in Polearms
   199 | D:1      | Found Faokh's Weapon Shop.
   207 | D:1      | Gained mutation: You have large cloven feet. [demonic
                  | ancestry]
   207 | D:1      | Reached XP level 2. HP: 24/24 MP: 2/2
   258 | D:1      | Found Urobb's Distillery.
   520 | D:1      | Found Deucus's Antique Weapon Boutique.
   600 | D:1      | Found a faded altar of an unknown god.
   800 | D:1      | Found an ancient bone altar of Kikubaaqudgha.
   915 | D:2      | Reached skill level 3 in Polearms
   976 | D:2      | Reached XP level 3. HP: 24/29 MP: 3/3
  1054 | D:2      | Noticed Sigmund
  1066 | D:2      | Killed Sigmund
  1067 | D:2      | Reached skill level 5 in Polearms
  1067 | D:2      | Reached XP level 4. HP: 18/35 MP: 4/4
  1067 | D:2      | Reached XP level 5. HP: 21/41 MP: 5/5
  1769 | D:3      | Found a blossoming altar of Fedhas.
  2155 | D:3      | Reached XP level 6. HP: 47/47 MP: 6/6
  2156 | D:3      | Found a glowing drain.
  2165 | Sewer    | Entered a sewer
  2436 | Sewer    | Reached skill level 6 in Polearms
  3278 | D:3      | Found a stormy altar of Qazlal.
  3283 | D:3      | Became a worshipper of Qazlal Stormbringer
  3424 | D:1      | Bought a glowing trident for 149 gold pieces
  3816 | D:4      | HP: 1/47 [orc/+0 mace (4)]
  3816 | D:4      | Mangled by an orc

Illustrated notes

Levels and vault maps discovered:
D:1:      dpeg_arrival_water_altar, layout_loops_cross, serial_shops,
          shop_statue, nicolae_square_shop, nicolae_shop_bloodbath_and_beyond,
          nicolae_shop_hallway_stairs, nicolae_shop_statue_plus,
          shapermc_ecumenical_altar_pompeii
D:2:      layout_basic, uniq_sigmund
D:3:      layout_basic, grunt_qazlal_clouds, mainiacjoe_overflow_tiny_flanked,
          portal_sewer_entry_d, minmay_fractal_squares_5
D:4:      layout_basic, enter_ossuary_5

Skill      XL: |  1  2  3  4  5  6 |
---------------+-------------------+-----
Polearms       | 2 3 5 6 |  6.5
Fighting       | |  3.0
Armour         | |  2.6
Shields        | |  2.6

Action                   |  1- 3 |  4- 6 || total
-------------------------+-------+-------++-------
Melee: Trident           |    87 |   277 ||   364
       Kick              |    15 |    51 ||    66
  Use: Potion            |     1 |       ||     1
       Scroll            |       |    12 ||    12
Armor: Scale mail        |    30 |       ||    30
       Chain mail        |       |   124 ||   124
Dodge: Dodged            |    32 |    62 ||    94
Block: Buckler           |     9 |    62 ||    71

Table legend: (Time is in decaauts)
 A = Elapsed time spent in this place.
 B = Non-inter-level travel time spent in this place.
 C = Inter-level travel time spent in this place.
 D = Time resting spent in this place.
 E = Time spent auto-exploring this place.
 F = Levels seen in this place.
 G = Mean time per level.
                   A        B        C        D        E       F      G
               +--------+--------+--------+--------+--------+-----+--------+
         Total |   4012 |   3823 |    189 |      0 |   3066 |   5 |  802.4 |
       Dungeon |   2896 |   2707 |    189 |      0 |   2210 |   4 |  724.0 |
         Sewer |   1115 |   1115 |      0 |      0 |    855 |   1 | 1115.0 |
               +--------+--------+--------+--------+--------+-----+--------+

Top non-repeatable levels by time:
   Sewer: 1115 daAuts
     D:3: 1036 daAuts
     D:2: 968 daAuts
     D:1: 855 daAuts
     D:4: 36 daAuts
